 Dungeon Crawl Stone Soup version 0.24-a0-447-ge8da9206dc (webtiles) character file.

Game seed: 15506433723703523197

2935 Ijustatesigmund the Fighter (level 9, -3/98 HPs)
             Began as an Ogre Hunter on June 25, 2019.
             Slain by a wolf (7 damage)
             ... led by Grum
             ... on level 9 of the Dungeon.
             The game lasted 00:12:56 (7395 turns).

Ijustatesigmund the Fighter (Ogre Hunter)           Turns: 7395, Time: 00:12:57

Health: -3/98      AC:  8    Str: 21    XL:     9   Next: 80%
Magic:  18/18      EV: 13    Int: 12    God:
Gold:   455        SH:  0    Dex: 12    Spells: 8/8 levels left

rFire    . . .     SeeInvis .   a - +5 quarterstaff (chaos)
rCold    . . .     Gourm    .   (shield currently unavailable)
rNeg     . . .     Faith    .   b - +0 robe
rPois    +         Spirit   .   i - +2 hat
rElec    .         Reflect  .   r - +2 cloak {MR+}
rCorr    .         Harm     .   (gloves unavailable)
MR       +....                  (boots unavailable)
Stlth    +.........             k - amulet of the acrobat
HPRegen  0.26/turn              o - ring of magical power
MPRegen  0.16/turn              E - ring "Vacu" {rPois Str+3}

@: no status effects
A: large, unfitting armour, tough skin 1
a: no special abilities


You were on level 9 of the Dungeon.
You were not hungry.

You visited 1 branch of the dungeon, and saw 9 of its levels.

You collected 455 gold pieces.

Inventory:

Hand Weapons
 a - a +5 quarterstaff of chaos (weapon)
 s - a +0 giant club
 w - a +0 morningstar
Missiles
 c - 4 large rocks (quivered)
 d - 2 throwing nets
Armour
 b - a +0 robe (worn)
 i - a +2 hat (worn)
 r - a +2 cloak of magic resistance (worn)
Jewellery
 k - an amulet of the acrobat (around neck)
 o - a ring of magical power (left hand)
 E - the ring "Vacu" (right hand) {rPois Str+3}
   (You found it on level 8 of the Dungeon)

   [ring of poison resistance]

   It affects your strength (+3).
   It protects you from poison.
Wands
 n - a wand of flame (4)
 C - a wand of enslavement (6)
 D - a wand of digging (3)
Scrolls
 h - 2 scrolls of teleportation
 l - 2 scrolls of blinking
 t - 3 scrolls of remove curse
 v - 3 scrolls of amnesia
 y - a scroll of fear
 F - a scroll of magic mapping
 I - a scroll of vulnerability {unknown}
Potions
 e - a potion of might
 j - 2 potions of ambrosia
 m - 2 potions of lignification
 p - a potion of haste
 q - a potion of brilliance
 u - a potion of invisibility
 x - 5 potions of curing
 z - a potion of magic
 A - 2 potions of agility
 B - 2 potions of flight {unknown}
 G - a potion of berserk rage {unknown}
 H - a potion of degeneration {unknown}
Comestibles
 f - 15 rations


   Skills:
 - Level 9.2 Fighting
 - Level 6.1(6.5) Maces & Flails
 - Level 3.5(5.6) Staves
 - Level 4.0 Throwing
 + Level 7.8 Dodging
 - Level 0.6 Stealth


You had 8 spell levels left.
You didn't know any spells.
Your spell library contained the following spells:

 Spells                   Type           Power        Failure   Level  Hunger
 Beastly Appendage        Tmut           #.....       32%         1    ##.....
 Poisonous Vapours        Pois/Air       #.....       45%         2    ###....
 Sticks to Snakes         Tmut           #.......     45%         2    ###....
 Conjure Flame            Conj/Fire      #.......     69%         3    ####...
 Mephitic Cloud           Conj/Pois/Air  #.......     69%         3    ####...
 Spider Form              Tmut/Pois      #.........   69%         3    ####...
 Ice Form                 Ice/Tmut       #.......     97%         4    #####..
 Blade Hands              Tmut           #.........   100%        5    ######.
 Freezing Cloud           Conj/Ice/Air   #.........   100%        6    #######
 Ring of Flames           Chrm/Fire      #.........   100%        7    #######


Dungeon Overview and Level Annotations

Branches:
Dungeon (9/15)             Temple (0/1) D:5
   Lair: D:8-11         Orc: D:9-12

Altars:
Ashenzari
Fedhas
Sif Muna
Trog
Uskayaw
Xom
Zin
The Shining One

Shops:
D:7 %

Annotations:
D:8 Grum


Innate Abilities, Weirdness & Mutations

You are too large for most types of armour.
You have tough skin. (AC +1)


Message History

You hit the wolf.
The wolf seems to slow down.
The wolf is lightly wounded.
The wolf is no longer moving slowly.
Something bites you. x2
The wolf misses you.
You sock the wolf!
Space warps horribly around the wolf!!
You kill the wolf!
Something bites you! Something bites you.
* * * LOW HITPOINT WARNING * * *
You closely miss something. Something bites you!
* * * LOW HITPOINT WARNING * * *
You barely miss something. Something bites you!
* * * LOW HITPOINT WARNING * * *
Something bites you.
* * * LOW HITPOINT WARNING * * *
You miss something. Something bites you.
* * * LOW HITPOINT WARNING * * *
Something bites you.
* * * LOW HITPOINT WARNING * * *
You miss something. Something bites you!
You die...

#### ....##
.....####
#.......#####
####...........o
.........#.....#
#........).....
#.......#
...###{@#
.......#.#
#...##.#.# #.
#.#.# #....
#...## .....
.##... .. ....


There were no monsters in sight!

Vanquished Creatures
  A two-headed ogre (D:9)
  A warg (D:7)
  An orc warrior (D:7)
  3 sky beasts
  3 ogres
  2 wolves
  2 centaurs
  Blork the orc (D:6)
  2 bullfrogs
  3 scorpions
  2 howler monkeys
  A centaur zombie (D:7)
  3 orc priests
  Crazy Yiuf (D:2)
  3 hounds
  2 bullfrog skeletons
  Jessica (D:2)
  2 orc wizards
  8 worker ants
  2 hound skeletons
  Robin (D:3)
  3 gnolls (D:3)
  6 adders
  A shadow imp (D:5)
  2 oozes
  2 adder skeletons
  4 worms
  2 dart slugs (D:1)
  5 leopard geckos
  13 orcs
  2 bats (D:2)
  5 giant cockroaches
  11 goblins
  7 hobgoblins
  11 jackals
  5 kobolds
  3 quokkas
  3 ball pythons (D:2)
  3 frilled lizards
  2 jackal skeletons (D:5)
  A leopard gecko skeleton (D:5)
  7 rats
  A fungus (D:3)
144 creatures vanquished.

Vanquished Creatures (collateral kills)
  3 jackals (D:6)
3 creatures vanquished.

Vanquished Creatures (others)
  4 toadstools (D:3)
4 creatures vanquished.

Grand Total: 151 creatures vanquished

Notes
Turn   | Place    | Note
-------+----------+-------------------------------------------
     0 | D:1      | Ijustatesigmund the Ogre Hunter began the quest for the
                  | Orb.
     0 | D:1      | Reached XP level 1. HP: 22/22 MP: 1/1
    47 | D:1      | Reached skill level 3 in Fighting
   293 | D:1      | Reached XP level 2. HP: 31/32 MP: 2/2
   683 | D:2      | Noticed Jessica
   684 | D:2      | Killed Jessica
   684 | D:2      | Reached skill level 5 in Fighting
   684 | D:2      | Reached XP level 3. HP: 42/42 MP: 3/3
  1083 | D:2      | Reached XP level 4. HP: 45/50 MP: 4/4
  1791 | D:2      | Reached skill level 6 in Fighting
  2090 | D:2      | Found a runed translucent door.
  2091 | D:2      | Noticed Crazy Yiuf
  2095 | D:2      | Killed Crazy Yiuf
  2193 | D:3      | Reached XP level 5. HP: 56/61 MP: 5/5
  2197 | D:3      | Reached skill level 1 in Staves
  2404 | D:3      | Noticed Robin
  2412 | D:3      | Reached XP level 6. HP: 66/68 MP: 6/6
  2673 | D:3      | Killed Robin
  2938 | D:3      | Found a blossoming altar of Fedhas.
  3334 | D:4      | Reached skill level 1 in Maces & Flails
  3367 | D:4      | Reached skill level 7 in Fighting
  3534 | D:4      | Found a hide-covered altar of Uskayaw.
  3542 | D:4      | Found a shattered altar of Ashenzari.
  3590 | D:4      | Reached XP level 7. HP: 69/78 MP: 7/7
  3838 | D:5      | Entered Level 5 of the Dungeon
  3842 | D:5      | Found a staircase to the Ecumenical Temple.
  4641 | D:5      | Reached skill level 8 in Fighting
  4718 | D:5      | Reached XP level 8. HP: 80/88 MP: 8/8
  4944 | D:5      | Reached skill level 5 in Maces & Flails
  5440 | D:6      | Noticed Blork the orc
  5445 | D:6      | Killed Blork the orc
  5579 | D:6      | Found a glowing golden altar of the Shining One.
  5840 | D:6      | Reached skill level 9 in Fighting
  5948 | D:6      | Found a shimmering altar of Xom.
  6031 | D:7      | Found a glowing silver altar of Zin.
  6034 | D:7      | Found a bloodstained altar of Trog.
  6039 | D:7      | Found Vagh's Food Shoppe.
  6585 | D:7      | Reached XP level 9. HP: 98/98 MP: 9/9
  6622 | D:7      | Found a shattered altar of Ashenzari.
  6622 | D:7      | Found a deep blue altar of Sif Muna.
  6898 | D:8      | Reached skill level 5 in Dodging
  6915 | D:8      | Got a shimmering lapis lazuli ring
  6919 | D:8      | Noticed Grum
  6980 | D:7      | Identified the ring "Vacu" {rPois Str+3} (You found it on
                  | level 8 of the Dungeon)
  7095 | D:9      | Noticed a two-headed ogre
  7119 | D:9      | Killed a two-headed ogre
  7394 | D:9      | HP: 4/98 [something (2)]
  7395 | D:9      | Slain by a wolf

Levels and vault maps discovered:
D:1:      lemuel_arrival_river_ford, layout_loops_ring
D:2:      layout_basic, first_ration, uniq_jessica, uniq_crazy_yiuf_cottage
D:3:      layout_basic, marbit_many_paths, minmay_gold_behind_fungi, uniq_robin
D:4:      layout_rooms, overflow_temple_1_default, nicolae_ashenzari_panopticon
D:5:      layout_layer_cave, minmay_temple_entry_grid
D:6:      layout_basic, lemuel_coloured_pillars_altar, old_standard_altar,
          uniq_blork_the_orc
D:7:      layout_loops_ring, grunt_temple_overflow_open,
          gammafunk_temple_overflow_statue, serial_shops, shop
D:8:      layout_loops_cross, nicolae_qazlal_style_of_elements,
          lair_entry_dummy, uniq_grum
D:9:      layout_basic, erik_orc_1, minmay_door_square, grunt_ogre_cave,
          kennysheep_windowed_goal, uniq_joseph

Skill      XL: |  1  2  3  4  5  6  7  8  9 |
---------------+----------------------------+-----
Fighting       | 3 5 6 7 8 9 |  9.2
Staves         | 3 |  3.5
Maces & Flails | 2 4 6 |  6.1
Dodging        | 4 7 |  7.8
Throwing       | |  4.0
Stealth        | |  0.6

Action                   |  1- 3 |  4- 6 |  7- 9 || total
-------------------------+-------+-------+-------++-------
Melee: Short sword       |    91 |    62 |       ||   153
       Quarterstaff      |       |    86 |   246 ||   332
Throw: Large rock        |     1 |     3 |     1 ||     5
  Use: Scroll            |     4 |    10 |     9 ||    23
       Potion            |       |       |     3 ||     3
 Stab: Sleeping          |     2 |     3 |     2 ||     7
       Petrified         |       |       |     1 ||     1
       Paralysed         |       |       |     2 ||     2
       Invisible         |       |       |     2 ||     2
  Eat: Chunk             |       |     6 |     8 ||    14
       Ration            |       |     1 |     1 ||     2
Armor: Robe              |    18 |    61 |    70 ||   149
Dodge: Dodged            |    64 |   102 |   170 ||   336

Table legend:
 A = Non-vault XP
 B = Vault XP
 C = Vault XP percentage of total XP
 D = Non-vault monster count
 E = Vault monster count
 F = Vault count percentage of total count
                 A         B        C        D         E       F
            +---------+---------+-------+---------+---------+-------
      Total |    3569 |     624 |  14.9 |     126 |      20 |  13.7
            +---------+---------+-------+---------+---------+-------
        D:1 |      13 |       0 |   0.0 |       6 |       0 |   0.0
        D:2 |      68 |      77 |  53.1 |      29 |       2 |   6.5
        D:3 |     199 |      52 |  20.7 |      15 |      14 |  48.3
        D:4 |     230 |       0 |   0.0 |       9 |       0 |   0.0
        D:5 |     811 |       0 |   0.0 |      23 |       0 |   0.0
        D:6 |     382 |      96 |  20.1 |      15 |       1 |   6.2
        D:7 |     621 |     170 |  21.5 |      16 |       1 |   5.9
        D:8 |     302 |     119 |  28.3 |      11 |       1 |   8.3
        D:9 |     943 |     110 |  10.4 |       2 |       1 |  33.3
            +---------+---------+-------+---------+---------+-------
